 Dungeon Crawl Stone Soup version 0.30-a0-1161-g0704695555 (webtiles) character file.

Game seed: 7196591624206571068

5 kae the Insei (level 1, 0/15 HPs)
             Began as a Merfolk Transmuter on Apr 27, 2023.
             Slain by a goblin
             ... wielding a +0 club
              (4 damage)
             ... on level 1 of the Dungeon.
             The game lasted 00:00:16 (136 turns).

kae the Insei (Merfolk Transmuter)                   Turns: 136, Time: 00:00:17

Health: 0/15       AC:  2    Str: 10    XL:     1   Next: 80%
Magic:  2/3        EV: 12    Int: 12    God:
Gold:   0          SH:  0    Dex: 14    Spells: 3/4 levels left

rFire   . .          .
                       - Unarmed
rCold   . . .        (no shield)
rNeg    . . .        a - +0 robe
rPois   .            c - melded +0 helmet
rElec   .            (no cloak)
rCorr   .            (no gloves)
SInv    .            (boots currently unavailable)
Will    .....        (no amulet)
Stlth   +            (no ring)
HPRegen 0.22/turn    (no ring)
MPRegen 0.08/turn

%: no passive effects
@: appendages
A: horns 2, (nimble swimmer 2), mertail
a: End Transformation


You were on level 1 of the Dungeon.
You had temporarily grown beastly horns.
You visited 1 branch of the dungeon, and saw 1 of its levels.


Innate Abilities, Weirdness & Mutations

You have temporarily grown beastly horns.
((You are very nimble when in or above water. (Stealth+, EV+, Speed+++)))
Your lower body shifts to a powerful aquatic tail in water.


   Skills:
 - Level 1.1 Fighting
 - Level 2.6 Dodging
 - Level 3.2 Unarmed Combat
 + Level 2.1 Spellcasting
 + Level 3.0 Transmutations
 + Level 0.5 Poison Magic


You had 3 spell levels left.
You knew the following spells:

 Your Spells              Type           Power      Damage    Failure   Level
a - Beastly Appendage     Tmut           16%        N/A       8%          1

Your spell library contained the following spells:

 Spells                   Type           Power      Damage    Failure   Level
 Wereblood                Tmut           8%         N/A       12%         2
 Spider Form              Tmut/Pois      5%         N/A       36%         3
 Ice Form                 Ice/Tmut       4%         N/A       82%         4

Inventory:

Armour
 a - a +0 robe (worn)
 c - a +0 helmet (melded)
   (You found it on level 1 of the Dungeon)
Potions
 b - a potion of lignification {!q}

Dungeon Overview and Level Annotations

Branches:
Dungeon (1/15) Zot: 5864

Altars:

####........####### ..
............# #.. ..
.. .....##.###.#
#.###. ...
......#.###.# #.#..
...# #####.#...#>#
#.#.##..# # #.###.#.#
#.#....### #####.#
.#.###.........
...##.#
.#.....g.?.....
...##.# .#.###.@....##
...###########(...?..#
...P~≈≈≈≈≈≈≈~P#=#.#.##
....P~~≈≈≈~~P.#.#.# #
.....P~≈≈≈≈P..#.!..
.##...P~~~P...####..
.##....P~P....# ..#
..#.....P.....# ..#
..............##


You could see a goblin.


Message History

Confirm with . or Enter, or press ? or * to list all spells.
You grow a pair of large bovine horns.
Your +0 helmet melds into your body.
The giant cockroach misses you.
The giant cockroach bites you but does no damage. x2 😎 MP[-1]
You lost 1 mp, and now have 2/3 mp.
You hit the giant cockroach but do no damage.
You punch the giant cockroach, but do no damage.
The giant cockroach bites you.
You hit the giant cockroach but do no damage.
The giant cockroach completely misses you. 😕 HP[-1]
You take 1 damage, and now have 14/15 hp.
A giant cockroach is nearby!
You hit the giant cockroach. You headbutt the giant cockroach.
You kill the giant cockroach!
No target in view!
No target in view!
No target in view!
Your transformation is almost over.
A hobgoblin comes into view.
You see here a giant cockroach corpse. 😎 HP[+1]
Your hp is fully restored (15).
A hobgoblin is nearby!
A hobgoblin is nearby!
A hobgoblin is nearby!
The hobgoblin shouts!
Casting: Beastly Appendage (safe; 9% risk of failure)
Confirm with . or Enter, or press ? or * to list all spells.
You extend your transformation's duration.
The hobgoblin misses you. The hobgoblin closely misses you.
You barely miss the hobgoblin. The hobgoblin hits you.
You barely miss the hobgoblin. Your headbutt misses the hobgoblin.
The hobgoblin closely misses you. 😮 HP[-4]
You take 4 damage, and now have 11/15 hp.
MASSIVE DAMAGE!! (PAUSE)
A hobgoblin is nearby!
You barely miss the hobgoblin. The hobgoblin barely misses you.
You punch the hobgoblin!
You kill the hobgoblin!
No target in view!
No target in view!
Your transformation is almost over.
You see here a hobgoblin corpse. 😕 HP[+1]
Your horns disappear.
Your +0 helmet unmelds from your body.
Found a stone staircase leading down. 😎 HP[+3] MP[+1]
Your hp is fully restored (15).
Your mp is fully restored (3).
Unknown command.
There is a stone staircase leading down here.
Found a stone staircase leading down.
Unknown command.
There is a stone staircase leading down here.
A goblin comes into view. It is wielding a +0 club.
A goblin is nearby!
A goblin is nearby!
The goblin shouts!
Casting: Beastly Appendage (safe; 9% risk of failure)
Confirm with . or Enter, or press ? or * to list all spells.
You grow a pair of large bovine horns.
Your +0 helmet melds into your body.
A ball python comes into view. 😎 MP[-1]
You lost 1 mp, and now have 2/3 mp.
You barely miss the goblin.
The ball python hisses angrily.
The goblin closely misses you.
You barely miss the goblin. Your headbutt misses the goblin.
The goblin hits you with a +0 club. The ball python bites you.
The ball python closely misses you. 😮 HP[-5]
You take 5 damage, and now have 10/15 hp.
MASSIVE DAMAGE!! (PAUSE)
You are too injured to fight recklessly!
You are too injured to fight recklessly!
You are too injured to fight recklessly!
You are too injured to fight recklessly!
You barely miss the ball python. Your headbutt misses the ball python.
The goblin hits you with a +0 club.
* * * LOW HITPOINT WARNING * * *
The ball python bites you.
* * * LOW HITPOINT WARNING * * *
The ball python grabs you.
The ball python constricts you. 😨 HP[-5]
You take 5 damage, and now have 5/15 hp.
MASSIVE DAMAGE!! (PAUSE)
You hit the ball python.
You kill the ball python!
The goblin hits you with a +0 club.
* * * LOW HITPOINT WARNING * * *
Your Transmutations skill increases to level 3! 😨 HP[-1]
You take 1 damage, and now have 4/15 hp.
The goblin hits you with a +0 club.
You die...

Skill      XL: |  1 |
---------------+----+-----
Transmutations | 3 |  3.0
Fighting       | |  1.1
Dodging        | |  2.6
Unarmed Combat | |  3.2
Spellcasting   | |  2.1
Poison Magic   | |  0.5

Action                     || total
---------------------------++-------
  Melee: Unarmed           ||    17
         Punch             ||     2
         Headbutt          ||     1
   Cast: Beastly Appendage ||     4
 Armour: Robe              ||     2
  Dodge: Dodged            ||    14

Levels and vault maps discovered:
D:1:      eino_arrival_druids_welcome, layout_loops_ring, serial_bayou_crossing

Notes
Turn   | Place    | Note
-------+----------+-------------------------------------------
     0 | D:1      | kae the Merfolk Transmuter began the quest for the Orb.
     0 | D:1      | Reached XP level 1. HP: 15/15 MP: 3/3
     0 | D:1      | magus.rc [v1.11.3]
   136 | D:1      | Reached skill level 3 in Transmutations
   136 | D:1      | Slain by a goblin

Vanquished Creatures
  A ball python (D:1)
  An endoplasm (D:1)
  A giant cockroach (D:1)
  A hobgoblin (D:1)
4 creatures vanquished.

Table legend:
 A = Non-vault XP
 B = Vault XP
 C = Vault XP percentage of total XP
 D = Non-vault monster count
 E = Vault monster count
 F = Vault count percentage of total count
                 A         B        C        D         E       F
            +---------+---------+-------+---------+---------+-------
      Total |       8 |       0 |   0.0 |       4 |       0 |   0.0
            +---------+---------+-------+---------+---------+-------
        D:1 |       8 |       0 |   0.0 |       4 |       0 |   0.0
            +---------+---------+-------+---------+---------+-------

Skill      XL: |  1 |
---------------+----+-----
Transmutations | 3 |  3.0
Fighting       | |  1.1
Dodging        | |  2.6
Unarmed Combat | |  3.2
Spellcasting   | |  2.1
Poison Magic   | |  0.5

Action                     || total
---------------------------++-------
  Melee: Unarmed           ||    17
         Punch             ||     2
         Headbutt          ||     1
   Cast: Beastly Appendage ||     4
 Armour: Robe              ||     2
  Dodge: Dodged            ||    14

Illustrated notes

Table legend:
 A = Kills in this place as a percentage of kills in the entire game.
 B = Kills by you in this place as a percentage of kills by you in the entire game.
 C = Kills by friends in this place as a percentage of kills by friends in the entire game.
 D = Other kills in this place as a percentage of other kills in the entire game.
 E = Experience gained in this place as a percentage of experience gained in the entire game.
 F = Experience gained in this place divided by the number of levels of this place that you have seen.
                   A       B       C       D       E      F
               +-------+-------+-------+-------+-------+----------------------
         Total | 100.0 | 100.0 |   N/A |   N/A | 100.0 |   8.0
       Dungeon | 100.0 | 100.0 |   N/A |   N/A | 100.0 |   8.0
               +-------+-------+-------+-------+-------+----------------------

Table legend: (Time is in decaauts)
 A = Elapsed time spent in this place.
 B = Non-inter-level travel time spent in this place.
 C = Inter-level travel time spent in this place.
 D = Time resting spent in this place.
 E = Time spent auto-exploring this place.
 F = Levels seen in this place.
 G = Mean time per level.
                   A        B        C        D        E       F      G
               +--------+--------+--------+--------+--------+-----+--------+
         Total |    134 |    134 |      0 |      0 |     90 |   1 |  134.0 |
       Dungeon |    134 |    134 |      0 |      0 |     90 |   1 |  134.0 |
               +--------+--------+--------+--------+--------+-----+--------+

Top non-repeatable levels by time:
     D:1: 134 daAuts
